 Dungeon Crawl Stone Soup version 0.29-a0-563-g64e4043184 (webtiles) character file.

Game seed: 3028431104111367492

2023 avis the Archer (level 8, -10/60 (64) HPs)
             Began as a Demigod Hunter on June 11, 2022.
             Killed by an exploding wight (13 damage)
             ... ignited by their inner flame
             ... on level 6 of the Dungeon.
             The game lasted 00:41:07 (6275 turns).

avis the Archer (Demigod Hunter)                    Turns: 6275, Time: 00:41:08

HP:   -10/60 (64)   AC:  7    Str: 16    XL:     8   Next: 73%
MP:   19/19         EV: 12    Int: 11    God:
Gold: 290           SH:  0    Dex: 21    Spells: 7/7 levels left

rFire   + . .      SeeInvis .   a - +2 shortbow
rCold   + . .      Faith    .   (shield currently unavailable)
rNeg    + + .      Spirit   .   D - +0 ring mail "Tull" {+Inv Regen+ MP+9}
rPois   +          Reflect  .   (no helmet)
rElec   +          Harm     .   (no cloak)
rCorr   +          Rampage  .   q - +1 pair of gloves
Will    .....                   (no boots)
Stlth   ++........              j - amulet of regeneration
HPRegen 1.80/turn               n - ring of positive energy
MPRegen 0.16/turn               p - ring of positive energy

@: resistant, drained, invisible
A: high MP 1, forlorn, divine attributes
a: Evoke Invisibility


You were on level 6 of the Dungeon.
You visited 2 branches of the dungeon, and saw 8 of its levels.

You collected 290 gold pieces.

Inventory:

Hand Weapons
 a - a +2 shortbow (weapon)
 b - a +1 falchion of protection
 s - a +4 rapier of venom
 t - a +3 dagger of speed
Missiles
 g - 8 poisoned darts
Armour
 d - an orb of wrath
 q - a +1 pair of gloves (worn)
 D - the +0 ring mail "Tull" (worn) {+Inv Regen+ MP+9}
   (You found it on level 3 of the Dungeon)

   MP:        It affects your magic capacity (+9).
   +Inv:      It lets you turn invisible.
   Regen:     It increases your rate of health regeneration.
Jewellery
 j - an amulet of regeneration (around neck)
 n - a ring of positive energy (left hand)
 p - a ring of positive energy (right hand)
Wands
 e - a wand of paralysis (8)
 w - a wand of iceblast (10)
Scrolls
 f - 2 scrolls of enchant weapon
 h - a scroll of summoning
 l - a scroll of poison {unknown}
 o - a scroll of silence {unknown}
 u - a scroll of fear
 v - a scroll of magic mapping
 A - a scroll of teleportation {unknown}
 C - a scroll of blinking {unknown}
Potions
 i - a potion of might
 k - a potion of resistance
 m - 4 potions of flight
 r - 2 potions of brilliance
 x - a potion of attraction
 z - a potion of haste {unknown}
 H - a potion of cancellation {unknown}


   Skills:
 + Level 3.6 Fighting
 * Level 9.8 Bows
 - Level 3.0 Armour
 - Level 3.0 Dodging
 - Level 3.0 Stealth


You had 7 spell levels left.
You didn't know any spells.
Your spell library contained the following spells:

 Spells                   Type           Power      Damage    Failure   Level
 Gell's Gravitas          Tloc           0%         N/A       89%         3
 Teleport Other           Tloc           0%         N/A       89%         3
 Olgreb's Toxic Radiance  Pois           0%         N/A       100%        4
 Dispersal                Tloc           0%         N/A       100%        6
 Ozocubu's Refrigeration  Ice            0%         4d5       100%        7
 Ignition                 Fire           0%         3d3       100%        8


Dungeon Overview and Level Annotations

Branches:
Dungeon (7/15)             Temple (1/1) D:4

Shops:
D:6 !

Annotations:
D:5 4 runed translucent doors, nobbins's ghost, novice DrFE


Innate Abilities, Weirdness & Mutations

You have an increased reservoir of magic. (+10% MP)
You shall have no god before yourself.
Your divine heritage dramatically boosts your attributes as you level up.


Message History

The wight hits you with a +3 dire flail.
* * * LOW HITPOINT WARNING * * *
You partially resist.
You feel drained.
Okay, then.
Really read the scroll of immolation?
As you read the scroll of immolation, it crumbles to dust.
The creatures around you are filled with an inner flame!
The wight barely misses you. The wight hits you but does no damage.
The wight hits you with a +4 scimitar of freezing.
* * * LOW HITPOINT WARNING * * *
The wight hits you with a +3 dire flail!
* * * LOW HITPOINT WARNING * * *
You feel much better.
The wight hits you with a +2 falchion of freezing!
You partially resist.
You feel drained. The wight freezes you. The wight closely misses you.
The wight barely misses you. x2
Unknown command.
Okay, then.
Okay, then.
Shoot: a) +2 shortbow
Press: ? - help, Q - select action, (/) - cycle Shift-Dir - straight line, f - wight
Aim: a wight, wielding a +4 scimitar of freezing and wearing a +0 robe (lightly damaged, inner flame, can't see you, 69% to hit)
You shoot an arrow. The arrow hits the wight.
Flame seeps out of the wight.
The wight is heavily damaged.
The wight hits you with a +2 falchion of freezing.
The wight freezes you. The wight hits you but does no damage.
The wight is engulfed in blazing flames.
The wight explodes!
The fiery explosion engulfs the wight!
Flame seeps out of the wight.
The wight is almost destroyed.
The fiery explosion engulfs you! You resist.
* * * LOW HITPOINT WARNING * * *
The wight is engulfed in blazing flames.
The wight explodes!
The fiery explosion engulfs the wight!! x2; The fiery explosion engulfs you.
You resist.
* * * LOW HITPOINT WARNING * * *
The wight explodes!
The fiery explosion engulfs you! You resist.
You die...

...#
#.....###.#.......#
##... ####
#######..##.###.#####
#.... # #......#.##.#
#.########.... #
#.####.#..#.#
#........#.... # #.#
#.##.#.#
#........#.... # #.#
#.##.#.#
#........#....
######.# #.##.§§#
#.############
.......# #.###§§###.#
######## #.#
#§@○§..############
#.#
########...........
#.# #.########## #.#
#.#<.....#.. #.#
#.#......#.# #.#
#.##.#####.. #.#
#....#...... #.#
####.#.##### #.#
#.#.#


There were no monsters in sight!

Vanquished Creatures
  Eustachio (D:6)
  An acid dragon (D:6)
  3 water moccasins (D:6)
  2 ogres (D:4)
  A kobold brigand (D:6)
  A bullfrog (D:6)
  4 scorpions
  4 wights (D:6)
  3 killer bees (D:6)
  4 jellies
  5 hounds
  2 gnoll shamans (D:6)
  Terence (D:2)
  Natasha (thrice) (D:2)
  2 iguanas
  An orc wizard (D:4)
  7 adders
  11 gnolls
  A white imp (D:6)
  4 dart slugs
  7 orcs
  2 bats (D:1)
  5 endoplasms
  2 giant cockroaches
  5 goblins
  4 hobgoblins
  10 jackals
  7 kobolds
  3 quokkas
  10 ball pythons
  2 frilled lizards
  7 rats
125 creatures vanquished.

Vanquished Creatures (others)
  13 plants (D:2)
13 creatures vanquished.

Grand Total: 138 creatures vanquished

Notes
Turn   | Place    | Note
-------+----------+-------------------------------------------
     0 | D:1      | avis the Demigod Hunter began the quest for the Orb.
     0 | D:1      | Reached XP level 1. HP: 17/17 MP: 3/3
   169 | D:1      | Reached skill level 4 in Bows
   265 | D:1      | Reached XP level 2. HP: 24/24 MP: 4/4
   371 | D:1      | Reached skill level 1 in Stealth
   936 | D:2      | Noticed Natasha
   949 | D:2      | Killed Natasha
   950 | D:2      | Reached XP level 3. HP: 18/29 MP: 5/5
  1212 | D:2      | Reached skill level 5 in Bows
  1286 | D:2      | Reached XP level 4. HP: 36/36 MP: 6/6
  1401 | D:2      | Noticed Terence
  1427 | D:2      | Killed Terence
  1617 | D:2      | Identified the +1 chain mail of the Glamorous God {Dex+6}
  1894 | D:2      | Noticed Natasha
  1896 | D:2      | Killed Natasha
  2291 | D:2      | Noticed Natasha
  2296 | D:2      | Killed Natasha
  2297 | D:2      | Reached XP level 5. HP: 35/41 MP: 7/7
  3035 | D:3      | Identified the +0 ring mail "Tull" {+Inv Regen+ MP+9}
  3273 | D:4      | Reached skill level 6 in Bows
  3326 | D:4      | Reached XP level 6. HP: 41/50 MP: 8/8
  3459 | D:4      | Found a staircase to the Ecumenical Temple.
  3466 | Temple   | Entered the Ecumenical Temple
  3558 | D:4      | Reached skill level 1 in Armour
  3794 | D:4      | Reached skill level 7 in Bows
  3817 | D:4      | Reached XP level 7. HP: 36/57 MP: 9/9
  4011 | D:5      | Entered Level 5 of the Dungeon
  4316 | D:5      | Found a runed translucent gate.
  4316 | D:5      | Found a runed translucent gate.
  4378 | D:5      | Found a runed translucent door.
  4541 | D:5      | Noticed nobbins's ghost (novice DrFE)
  4604 | D:5      | Found a runed translucent gate.
  4918 | D:6      | Reached skill level 8 in Bows
  4943 | D:6      | Reached XP level 8. HP: 28/63 MP: 10/10
  5163 | D:6      | Found Lifiu's Distillery.
  5173 | D:6      | Noticed Eustachio
  5191 | D:6      | Killed Eustachio
  5396 | D:6      | Reached skill level 9 in Bows
  6275 | D:6      | HP: 3/60 [spore (3)]
  6275 | D:6      | Killed by an exploding wight... ignited by their inner
                  | flame

Illustrated notes

Levels and vault maps discovered:
D:1:      roderic_chinese_lattice_arrival, layout_basic, grunt_decor_cap,
          minmay_misc_feat_four_crosses, minmay_stone_trees_medium,
          minmay_misc_feat_enclosed, feat_on_display
D:2:      layout_basic, nicolae_ecumenical_pavilion, serial_forest,
          infiniplex_forest_clump_cross, infiniplex_forest_lined_4_way,
          infiniplex_forest_clump_C, infiniplex_forest_lined_3,
          infiniplex_forest_lined_3, infiniplex_forest_lined_corner,
          infiniplex_forest_clump_cross, infiniplex_forest_clump_tiny,
          uniq_natasha, uniq_terence
D:3:      layout_basic, lemuel_round_altar
D:4:      nicolae_cairo_tiling_very_big, layout_rooms, lemuel_crystal_altar
D:5:      layout_loops_ring, mainiacjoe_overflow_surrounded_room,
          gammafunk_ghost_icy, eino_small_chamber_without_monster,
          lightli_church_of_beogh
D:6:      layout_basic, zin_statuary, mainiacjoe_overflow_swirl, serial_shops,
          shop, uniq_eustachio
D:7:      layout_loops_ring, general_overflow_altar
Temple:   compressed_dpeg_circular_temple

Skill      XL: |  1  2  3  4  5  6  7  8 |
---------------+-------------------------+-----
Bows           | 4 5 6 7 8 9 |  9.8
Stealth        | 1 2 3 |  3.0
Fighting       | 2 3 |  3.6
Dodging        | 2 3 |  3.0
Armour         | 2 3 |  3.0

Action                   |  1- 3 |  4- 6 |  7- 9 || total
-------------------------+-------+-------+-------++-------
 Fire: Shortbow          |    81 |   144 |   183 ||   408
Throw: Dart              |       |     1 |       ||     1
  Use: Scroll            |       |       |    15 ||    15
       Potion            |       |       |     4 ||     4
Armor: Leather armour    |     6 |    10 |       ||    16
       Ring mail         |       |    15 |    35 ||    50
       Chain mail        |       |    24 |       ||    24
Dodge: Dodged            |    25 |    55 |   107 ||   187

Table legend: (Time is in decaauts)
 A = Elapsed time spent in this place.
 B = Non-inter-level travel time spent in this place.
 C = Inter-level travel time spent in this place.
 D = Time resting spent in this place.
 E = Time spent auto-exploring this place.
 F = Levels seen in this place.
 G = Mean time per level.
                   A        B        C        D        E       F      G
               +--------+--------+--------+--------+--------+-----+--------+
         Total |   6403 |   5529 |    874 |    247 |   3843 |   8 |  800.4 |
       Dungeon |   6361 |   5488 |    873 |    247 |   3843 |   7 |  908.7 |
        Temple |     42 |     41 |      1 |      0 |      0 |   1 |   42.0 |
               +--------+--------+--------+--------+--------+-----+--------+

Top non-repeatable levels by time:
     D:2: 1511 daAuts
     D:6: 1312 daAuts
     D:1: 973 daAuts
     D:5: 933 daAuts
     D:4: 808 daAuts
     D:3: 779 daAuts
  Temple: 42 daAuts
     D:7: 41 daAuts
